 Dungeon Crawl Stone Soup version 0.14-a0-817-g3f7b0b1 (webtiles) character file.

7190 Antunes the Ducker (level 10, -3/78 HPs)
             Began as a Mottled Draconian Wanderer on Nov 12, 2013.
             Was a Believer of Ashenzari.
             Slain by a griffon (16 damage)
             ... on Level 6 of the Lair of Beasts.
             The game lasted 03:16:52 (13621 turns).

Antunes the Ducker (Mottled Draconian Wanderer)    Turns: 13621, Time: 03:16:53

HP  -3/78        AC 14     Str 12      XL: 10   Next: 78%
MP  18/18        EV 16     Int 15      God: Ashenzari [**....]
Gold 319         SH 11     Dex 14      Spells:  0 memorised, 19 levels left

Res.Fire  : . . .   See Invis. : .   S - +2,+1 trident
Res.Cold  : . . .   Warding    : .   (armour unavailable)
Life Prot.: . . .   Conserve   : .   x - +1 dwarf buckler (curse)
Res.Poison: .       Res.Corr.  : .   (helmet restricted)
Res.Elec. : .       Clarity    : .   I - +0 cloak
Sust.Abil.: . .     Spirit.Shd : .   W - +0 pair of gauntlets
Res.Mut.  : .       Stasis     : .   (no boots)
Res.Rott. : .       Flight     : .   e - amulet of the gourmand
Gourmand  : +                        w - cursed +5 ring of protection
                                     u - ring of sustenance

@: somewhat resistant to hostile enchantments, quite stealthy
A: breathe sticky flames, unfitting armour, -10% mp, AC +7, Str -2, Int +2
a: Breathe Sticky Flame, Renounce Religion


You were on level 6 of the Lair of Beasts.
You worshipped Ashenzari.
Ashenzari was pleased with you.
You were very full.

You visited 5 branches of the dungeon, and saw 20 of its levels.

You collected 521 gold pieces.
You spent 202 gold pieces at shops.

Dungeon Overview and Level Annotations

Branches:
Dungeon (9/27)             Temple (1/1) D:4            Lair (8/8) D:9
 Shoals (1/5) Lair:3       Spider (1/5) Lair:3        Slime (0/6) Lair:6
    Orc: D:6-11

Altars:
Ashenzari
Cheibriados
Elyvilon
Fedhas
Kikubaaqudgha
Makhleb
Nemelex Xobeh
Okawaru
Sif Muna
Trog
Vehumet
Yredelemnul
Zin
the Shining One

Shops:
D:5 !/+   D:6 (

Annotations:
D:4 exclusion: downstairs, Dowan; Duvessa; Perseus' ghost, average CeBe
D:5 exclusion: downstairs
D:7 Joseph
Lair:3 exclusion: downstairs
Lair:4 Nergalle; Rupert


Innate Abilities, Weirdness & Mutations

You can spit globs of burning liquid.
You can ignite nearby creatures when you spit burning liquid.
Your weird mottled scales are hard (AC +7).
Your body does not fit into most forms of armour.
Your cold-blooded metabolism reacts poorly to cold.
Your mind is acute. (Int +2)
Your magical capacity is low (-10% MP).
You are weak. (Str -2)


   Skills:
 * Level 6.3 Fighting
 + Level 4.1 Short Blades
 + Level 2.0 Axes
 + Level 4.4 Polearms
 + Level 3.7 Throwing
 + Level 7.5 Dodging
 * Level 6.7 Stealth
 * Level 1.7(2.8) Shields
 * Level 5.3 Spellcasting
   Level 1.7 Hexes
   Level 1.0 Transmutations
 * Level 6.5 Evocations


You had 19 spell levels left.
You didn't know any spells.

Inventory:

Hand weapons
 a - a +2,+2 dagger of venom
 b - a +0 blowgun
 i - a +1,+1 dwarven hand axe
 j - a +2,+0 sling
 l - a +0,+0 lajatang
 p - a +2,+1 spear
 q - a +0,+4 war axe of flaming
 s - a +4,+4 spear
 N - a +1,+0 dwarven dagger
 S - a +2,+1 trident (weapon)
 T - a +2,+0 elven scimitar
Missiles
 h - 5 poisoned darts
 k - 12 sling bullets
 r - 37 poisoned needles
 y - 4 tomahawks (quivered)
 F - 2 exploding darts
Armour
 x - a cursed +1 dwarven buckler (worn)
 I - a +0 cloak (worn)
 W - a +0 pair of gauntlets (worn)
Magical devices
 c - a wand of confusion (5)
 m - a wand of magic darts (9)
 n - a wand of cold (1)
 z - a wand of digging (16)
 L - a wand of invisibility (5) {unknown}
 O - a wand of confusion (20)
Comestibles
 f - 7 bread rations
 v - 3 meat rations
 E - a choko
 G - a pear
 Q - 4 apples
 R - a lemon
Scrolls
 A - 3 scrolls of remove curse
 B - a scroll of blinking
 C - 2 scrolls of immolation
 D - 3 scrolls of curse weapon
 J - 2 scrolls of teleportation
 P - a scroll of amnesia
 X - 2 scrolls of curse armour
Jewellery
 e - an amulet of the gourmand (around neck)
 t - the ring of Patience {Hunger Dex+4 Int+2 Acc+3}
   (You found it on level 8 of the Lair of Beasts)

   [ring of hunger]

   It affects your intelligence (+2).
   It affects your dexterity (+4).
   It affects your accuracy (+3).
 u - a ring of sustenance (left hand)
 w - a cursed +5 ring of protection (right hand)
 H - an uncursed ring of protection from magic
 U - the amulet of the Four Winds {Clar rN+ MR++}
   (You found it on level 8 of the Dungeon)

   [amulet of clarity]

   It protects you from negative energy.
   It affects your resistance to hostile enchantments.
Potions
 d - 2 potions of restore abilities
 g - 2 potions of magic
 o - 5 potions of curing
 K - a potion of flight
 M - a potion of resistance
 V - a potion of brilliance
 Y - a potion of heal wounds
Magical staves
 Z - an uncursed staff of earth


Message History

* * * LOW HITPOINT WARNING * * *
The griffon closely misses you. The griffon barely misses you.
Wield which item (- for none, * to show all)? (? for menu, Esc to quit)
Your +0,+4 war axe of flaming stops flaming.
S - a +2,+1 trident (weapon)
You hit the griffon.
The griffon is almost dead.
You block the griffon's attack. The griffon closely misses you.
The griffon claws you but does no damage.
You hear a grinding noise.
You barely miss the griffon.
The griffon is almost dead.
The griffon bites you but does no damage.
The griffon pecks you but does no damage.
The griffon claws you but does no damage.
You hear a grinding noise.
You hit the griffon but do no damage.
The griffon is almost dead.
The griffon bites you!
You die...

▒·······<············%····P▒
▒▒P▒·····▒▒········▒···▒·▒▒▒
▒▒▒▒▒▒▒▒▒▒▒▒▒▒·▒▒▒▒▒▒▒▒··▒ ░
▒▒▒▒·▒ ▒▒▒▒▒ ▒P·▒▒
▒▒▒▒▒▒▒··▒·▒▒▒▒▒·▒▒▒▒▒P··▒
·▒▒············▒·▒·▒··▒▒▒·▒▒
%·······················▒··▒▒▒▒▒▒
P▒·············H▒·▒▒·······▒···▒▒
··············P▒d▒▒·······▒▒P·▒▒▒
·▒▒▒···▒▒··H···▒▒▒▒P·············
··········P▒····▒▒···············
···········J·····················
·································
·······▒·P·P··▒▒··▒·▒·▒·········>
▒▒·f····▒▒·▒f·▒▒▒▒▒▒▒▒▒·········▒
▒▒········P····▒░ ▒···f·▒▒▒▒▒
▒▒·············$▒ ▒▒f····▒░


You could see a griffon.

Action                   |  1- 3 |  4- 6 |  7- 9 | 10-12 || total
-------------------------+-------+-------+-------+-------++-------
Melee: Spear             |   117 |   174 |   268 |   112 ||   671
       Dagger            |     4 |    38 |   243 |   119 ||   404
       War axe           |       |       |       |   117 ||   117
       Hand axe          |       |       |       |    12 ||    12
       Trident           |       |       |       |     3 ||     3
 Fire: Blowgun           |       |    31 |    45 |       ||    76
Throw: Dart              |     4 |    15 |    13 |     6 ||    38
       Tomahawk          |       |       |    11 |    17 ||    28
 Abil: Breathe Sticky Fl |       |       |     1 |       ||     1
Evoke: Wand              |     1 |       |     7 |     2 ||    10
  Use: Scroll            |     7 |     4 |     7 |     5 ||    23
       Potion            |     8 |       |     8 |     4 ||    20
 Stab: Sleeping          |     5 |       |    13 |     9 ||    27
       Invisible         |       |       |       |     2 ||     2

Vanquished Creatures
  A black mamba (Lair:3)
  3 spiny frogs
  A mermaid (Lair:3)
  2 komodo dragons
  A blink frog (Lair:6)
  A trapdoor spider (Spider:1)
  2 yaks
  2 hippogriffs
  A hungry ghost (Lair:1)
  7 wolves
  A porcupine (Lair:2)
  A sky beast (D:6)
  3 phantoms
  3 crocodiles
  4 giant slugs
  4 agate snails
  9 water moccasins
  6 giant frogs
  2 crimson imps (D:5)
  5 hounds
  3 jellies
  A centaur skeleton (D:3)
  An orc wizard (D:3)
  5 worker ants
  5 iguanas
  6 sheep (Lair:2)
  11 green rats
  A worker ant zombie (D:8)
  10 adders
  A giant centipede (Lair:2)
  2 giant mites
  An inept feature mimic (D:3)
  2 worms
  3 giant geckos
  An ooze (D:5)
  6 orcs
  4 giant cockroaches
  11 goblins
  12 hobgoblins
  8 jackals
  10 kobolds
  5 quokkas
  15 bats
  4 giant newts
  An orc zombie (D:9)
  A quokka zombie (D:6)
  8 rats
  A rat skeleton (D:5)
  A fungus (Lair:1)
199 creatures vanquished.

Vanquished Creatures (others)
  A blink frog (Lair:6)
  An elephant slug (Lair:6)
  A crocodile (Lair:6)
  An iguana (Lair:6)
  An adder (Lair:6)
  8 fungi
  3 plants
16 creatures vanquished.

Grand Total: 215 creatures vanquished

Notes
Turn   | Place    | Note
--------------------------------------------------------------
     0 | D:1      | Antunes, the Draconian Wanderer, began the quest for the Orb.
     0 | D:1      | Reached XP level 1. HP: 15/15 MP: 2/2
   531 | D:1      | Reached XP level 2. HP: 22/22 MP: 3/3
   651 | D:2      | Reached skill level 2 in Stealth
   900 | D:2      | Reached skill level 1 in Spellcasting
   900 | D:2      | Reached XP level 3. HP: 24/27 MP: 4/4
  1506 | D:4      | Noticed Duvessa
  1506 | D:4      | Noticed Dowan
  1528 | D:5      | Entered Level 5 of the Dungeon
  1551 | D:4      | Noticed a phantom
  1555 | D:4      | Noticed Perseus' ghost (average CeBe)
  1564 | D:4      | Found a staircase to the Ecumenical Temple.
  1604 | Temple   | Entered the Ecumenical Temple
  1794 | Temple   | Became a worshipper of Ashenzari the Shackled
  1810 | Temple   | Gained mutation: You are weak. (Str -2) [potion of mutation]
  1810 | Temple   | Gained mutation: Your mind is acute. (Int +2) [potion of mutation]
  1810 | Temple   | Gained mutation: Your magical capacity is low (-10% MP). [potion of mutation]
  1928 | D:4      | Reached XP level 4. HP: 8/34 MP: 5/5
  2309 | D:2      | Found a white marble altar of Elyvilon.
  2321 | D:2      | Found a basalt altar of Yredelemnul.
  2527 | D:3      | Reached skill level 1 in Fighting
  2662 | D:3      | Reached skill level 2 in Dodging
  2662 | D:3      | Reached XP level 5. HP: 39/39 MP: 7/7
  2812 | D:4      | Reached skill level 2 in Spellcasting
  2870 | D:4      | Reached skill level 2 in Evocations
  3278 | D:5      | Found Ezuegg's Distillery.
  3285 | D:5      | Bought a potion of berserk rage for 45 gold pieces
  3345 | D:5      | Noticed a phantom
  3486 | D:4      | Killed a phantom
  3486 | D:4      | Reached skill level 1 in Throwing
  3486 | D:4      | Reached skill level 3 in Stealth
  3486 | D:4      | Reached XP level 6. HP: 29/47 MP: 9/9
  3681 | D:5      | Killed a phantom
  3681 | D:5      | Reached skill level 2 in Fighting
  3681 | D:5      | Reached skill level 3 in Evocations
  3765 | D:5      | Reached skill level 2 in Throwing
  3980 | D:5      | Reached skill level 3 in Polearms
  4050 | D:5      | Reached skill level 3 in Dodging
  4074 | D:5      | Your scales start taking on a weird mottled pattern.
  4074 | D:5      | Reached XP level 7. HP: 45/52 MP: 10/10
  4263 | D:5      | Found Gufruov's Book Shop.
  4285 | D:5      | Found Pnawnifou's Magical Wand Shoppe.
  4293 | D:5      | Noticed a phantom
  4308 | D:5      | Killed a phantom
  4311 | D:5      | Bought a wand of magic darts (13) for 67 gold pieces
  4311 | D:5      | Bought a wand of confusion (6) for 90 gold pieces
  4850 | D:6      | Found Tram's Antique Weapon Shop.
  4879 | D:5      | Found an ancient bone altar of Kikubaaqudgha.
  5103 | D:7      | Noticed Joseph
  5155 | D:8      | Found a snail-covered altar of Cheibriados.
  5646 | D:9      | Noticed a troll
  5863 | D:9      | Found a staircase to the Lair.
  5870 | Lair:1   | Entered Level 1 of the Lair of Beasts
  5870 | Lair:1   | Noticed a spiny frog
  5890 | Lair:1   | Killed a spiny frog
  5890 | Lair:1   | Reached skill level 3 in Fighting
  5890 | Lair:1   | Reached skill level 1 in Short Blades
  5890 | Lair:1   | Reached skill level 4 in Dodging
  5890 | Lair:1   | Reached skill level 3 in Spellcasting
  5890 | Lair:1   | Reached skill level 4 in Evocations
  5890 | Lair:1   | Reached XP level 8. HP: 46/61 MP: 13/13
  5988 | Lair:1   | Reached skill level 4 in Stealth
  6164 | Lair:1   | Reached skill level 2 in Short Blades
  6243 | Lair:1   | Noticed a komodo dragon
  6407 | Lair:2   | Paralysed by a potion of paralysis for 3 turns
  6445 | Lair:2   | Noticed a seven-headed hydra
  6488 | Lair:2   | Reached skill level 3 in Throwing
  6777 | Lair:1   | Reached skill level 4 in Fighting
  6902 | Lair:1   | Noticed a spiny frog
  6909 | Lair:1   | Killed a spiny frog
  6909 | Lair:1   | Reached skill level 5 in Evocations
  6910 | Lair:1   | Reached XP level 9. HP: 51/68 MP: 16/16
  7097 | Lair:1   | Reached skill level 5 in Dodging
  7287 | Lair:2   | Reached skill level 4 in Spellcasting
  7463 | Lair:2   | Noticed a blink frog
  7464 | Lair:2   | Noticed a blink frog
  7464 | Lair:2   | Noticed a blink frog
  7620 | Lair:1   | Reached skill level 3 in Short Blades
  7620 | Lair:1   | Reached skill level 5 in Stealth
  7652 | Lair:3   | Noticed a black mamba
  7674 | Lair:3   | Killed a black mamba
  8409 | Lair:5   | Noticed a griffon
  8512 | Lair:3   | Found a hole to the Spider Nest.
  8542 | Lair:3   | Reached skill level 5 in Fighting
  8825 | Spider:1 | Entered Level 1 of the Spider Nest
  8848 | Spider:1 | Reached skill level 4 in Polearms
  9072 | Lair:2   | Noticed a blink frog
  9081 | Lair:2   | Noticed a seven-headed hydra
  9144 | Lair:2   | Reached skill level 6 in Dodging
  9353 | Lair:3   | Reached XP level 10. HP: 47/77 MP: 18/18
  9372 | Lair:3   | HP: 12/77 [wolf (8)]
  9379 | Lair:3   | HP: 12/77 [wolf (1)]
  9384 | Lair:3   | HP: 12/77 [wolf (1)]
  9386 | Lair:3   | Reached skill level 6 in Evocations
  9702 | Lair:3   | Found a staircase to the Shoals.
  9711 | Shoals:1 | Entered Level 1 of the Shoals
  9711 | Shoals:1 | Noticed a sea snake
  9718 | Lair:3   | Noticed a mermaid
  9737 | Lair:3   | Killed a mermaid
  9737 | Lair:3   | Reached skill level 4 in Short Blades
  9940 | Lair:4   | Noticed a spiny frog
  9957 | Lair:4   | Noticed Rupert
 10049 | Lair:4   | Noticed a six-headed hydra
 10148 | Lair:4   | Reached skill level 5 in Spellcasting
 10214 | Lair:4   | Reached skill level 6 in Stealth
 10765 | Lair:4   | Noticed Nergalle
 11046 | Lair:8   | Entered Level 8 of the Lair of Beasts
 11766 | Lair:8   | Noticed an elephant
 11766 | Lair:8   | Noticed an elephant
 11766 | Lair:8   | Noticed an elephant
 11806 | Lair:8   | Got an uncursed warped marble ring
 11873 | Lair:7   | Identified the ring of Patience {Hunger Dex+4 Int+2 Acc+3} (You found it on level 8 of the Lair of Beasts)
 11916 | Lair:7   | Reached skill level 7 in Dodging
 12167 | Lair:6   | Acquired Ashenzari's first power
 12200 | Lair:6   | Reached skill level 6 in Fighting
 12437 | Lair:7   | HP: 4/78 [spiny frog (23)]
 12855 | Lair:6   | Reached skill level 1 in Axes
 13413 | Lair:6   | Reached skill level 2 in Axes
 13518 | Lair:6   | Noticed a griffon
 13576 | Lair:6   | Found a staircase to the Slime Pits.
 13617 | Lair:6   | HP: 12/78 [griffon (6)]
 13621 | Lair:6   | Slain by a griffon

Vault maps used:
D:1:      dpeg_entry_morbid_curiosity, minmay_misc_feat_x, minmay_box_of_dots
D:2:      minitemple, first_bread
D:4:      general_overflow_altar, temple_pool_a, uniq_duvessa
D:5:      nicolae_overflow_hidden_temple, serial_shops, shop, shop_statue, shop
D:6:      enter_ossuary_3, serial_shops, shop, uniq_iyjb
D:7:      basic_altar, hangedman_fish_farm, uniq_joseph
D:8:      beetle_altar_1, dk_vineyard_1
D:9:      hiddenorc2_lemuel, serial_bayou_crossing
Temple:   chambers_temple_10
Lair:1:   minivault_25
Lair:2:   guppyfry_mini_stream
Lair:3:   minmay_shoals_entry_lonely_mermaid, dummy_spider_entry
Lair:4:   uniq_nergalle, uniq_rupert
Lair:5:   bobbens_dragon_lair_wall
Lair:6:   nicolae_slime_entry_slimehenge, special_room
Lair:8:   evil_forest
Shoals:1: serial_shops, shop, uniq_sonja
Spider:1: einodemon_crawler_minivault
